 Dungeon Crawl Stone Soup version 0.29.1-1-gd02db6906a (webtiles) character file.

Game seed: 15801791055426749191

16 MisterFreud the Twirler (level 2, -3/22 HPs)
             Began as a Formicid Gladiator on Oct 11, 2022.
             Succumbed to a goblin's poison
             ... on level 1 of the Dungeon.
             The game lasted 00:00:24 (299 turns).

MisterFreud the Twirler (Formicid Gladiator)         Turns: 299, Time: 00:00:25

Health: -3/22      AC:  3    Str: 18    XL:     2   Next: 70%
Magic:  2/2        EV: 12    Int:  7    God:
Gold:   19         SH:  0    Dex: 15    Spells: 1/1 levels left

rFire   . . .      SeeInvis +   a - +0 quarterstaff
rCold   . . .      Faith    .   (no shield)
rNeg    . . .      Spirit   .   b - +0 leather armour
rPois   .          Reflect  .   (helmet unavailable)
rElec   .          Harm     .   (no cloak)
rCorr   .          Rampage  .   (no gloves)
Will    .....                   (no boots)
Stlth   +.........              (no amulet)
HPRegen 0.07/turn               (no ring)
MPRegen 0.08/turn               (no ring)

@: lethally poisoned (-3 -> -27)
A: permanent stasis, dig shafts and tunnels, antennae 3, four strong arms
a: Dig, Shaft Self


You were on level 1 of the Dungeon.
You visited 1 branch of the dungeon, and saw 1 of its levels.

You collected 19 gold pieces.

Inventory:

Hand Weapons
 a - a +0 quarterstaff (weapon)
Missiles
 c - 3 throwing nets (quivered)
 d - a javelin
 g - 2 poisoned darts
Armour
 b - a +0 leather armour (worn)
Scrolls
 f - a scroll of enchant armour {unknown}
 h - a scroll of identify {unknown}
Potions
 e - a potion of brilliance {unknown}


   Skills:
 - Level 2.1 Fighting
 + Level 3.8 Staves
 - Level 2.0 Throwing
 - Level 2.6 Dodging


You had one spell level left.
You didn't know any spells.
Your spell library contained the following spells:

 Spells                   Type           Power      Damage    Failure   Level
 Slow                     Hex            0%         N/A       50%         1
 Confusing Touch          Hex            0%         N/A       86%         3
 Vampiric Draining        Necr           0%         2d6       86%         3


Dungeon Overview and Level Annotations

Branches:
Dungeon (1/15)

Altars:


Innate Abilities, Weirdness & Mutations

You cannot be hasted, slowed, berserked, paralysed or teleported.
You can dig through walls and to a lower floor.
You have a pair of large antennae on your head. (SInv)
Your four strong arms can wield two-handed weapons with a shield.


Message History

A frilled lizard is nearby!
You sock the frilled lizard!
You kill the frilled lizard!
You see here a hobgoblin corpse.
You now have 19 gold pieces (gained 5).
You see here a hobgoblin corpse.
h - a scroll labelled ZISCHO KUPEYWO No target in view!
A rat comes into view.
The rat twitches its whiskers.
A goblin comes into view. It is wielding a +1 dagger of venom.
There are monsters nearby!
There are monsters nearby!
The rat barely misses you.
You hit the rat.
You kill the rat!
You hit the goblin.
The goblin is heavily wounded.
The goblin barely misses you.
The goblin hits you with a +1 dagger of venom.
You are poisoned.
You barely miss the goblin.
The goblin is heavily wounded.
You feel very sick.
The goblin hits you with a +1 dagger of venom.
You are lethally poisoned!
You closely miss the goblin.
The goblin is heavily wounded.
You feel very sick. The goblin hits you but does no damage.
You are more poisoned.
You barely miss the goblin.
The goblin is heavily wounded.
You feel very sick.
The goblin hits you with a +1 dagger of venom.
* * * LOW HITPOINT WARNING * * *
You are more poisoned.
You closely miss the goblin.
The goblin is heavily wounded.
You die...

##.....## ##.......##
#.........#
#.........#
#.........#
#.....?...#
#....g....############
##...@...##.....##....
#.....................
#.....................
#.....................
#.....................
#.....................
##....................
##.....#.............
##...###............


You could see a goblin.

Vanquished Creatures
  A dart slug (D:1)
  2 ball pythons (D:1)
  2 endoplasms (D:1)
  A goblin (D:1)
  2 hobgoblins (D:1)
  2 bats (D:1)
  2 frilled lizards (D:1)
  A rat (D:1)
13 creatures vanquished.

Notes
Turn   | Place    | Note
-------+----------+-------------------------------------------
     0 | D:1      | MisterFreud the Formicid Gladiator began the quest for the
                  | Orb.
     0 | D:1      | Reached XP level 1. HP: 16/16 MP: 1/1
   102 | D:1      | Reached XP level 2. HP: 22/22 MP: 2/2
   299 | D:1      | Succumbed to a goblin's poison

Illustrated notes

Levels and vault maps discovered:
D:1:      minmay_arrival_loop, layout_rooms, chequers_serial_rivers_micro_a

Action                   || total
-------------------------++-------
Melee: Quarterstaff      ||    23
Armor: Leather armour    ||     9
Dodge: Dodged            ||    12
